 Dungeon Crawl Stone Soup version 0.27.1-4-g1640c2035a (webtiles) character file.

Game seed: 3856713795190025294

5951 Crownlay the Geomancer (level 10, -1/50 HPs)
             Began as a Gargoyle Earth Elementalist on Oct 31, 2021.
             Was a Believer of Vehumet.
             Shot with an arrow by a centaur warrior (17 damage)
             ... on level 9 of the Dungeon.
             The game lasted 00:26:50 (11715 turns).

Crownlay the Geomancer (GrEE)                      Turns: 11715, Time: 00:26:50

Health: -1/50      AC: 14    Str: 11    XL:     10   Next: 84%
Magic:  20/22      EV: 11    Int: 20    God:    Vehumet [**....]
Gold:   529        SH:  4    Dex: 10    Spells: 22/26 levels left

rFire    . . .     SeeInvis .   u - +4 flail (holy)
rCold    . . .     Faith    .   N - +0 buckler
rNeg     + . .     Spirit   .   o - +2 leather armour {Will+}
rPois    ∞         Reflect  .   t - +0 helmet
rElec    +         Harm     .   k - +0 cloak
rCorr    .         Rampage  .   (no gloves)
Will     ++...                  (no boots)
Stlth    ++........             (no amulet)
HPRegen  0.16/turn              i - ring of wizardry
MPRegen  0.18/turn              n - ring of willpower

@: no status effects
A: sickness immunity, AC +7, negative energy resistance 1, electricity
resistance, torment resistance 1, petrification resistance
a: Renounce Religion


You were on level 9 of the Dungeon.
You worshipped Vehumet.
Vehumet was pleased with you.
You visited 2 branches of the dungeon, and saw 11 of its levels.

You collected 589 gold pieces.
You spent 60 gold pieces at shops.

Inventory:

Hand Weapons
 u - a +4 flail of holy wrath (weapon)
 J - a +5 war axe
 Q - a +5 trident
Missiles
 q - 18 stones
 y - a throwing net
 P - a curare-tipped dart
Armour
 k - a +0 cloak (worn)
 o - a +2 leather armour of willpower (worn)
 t - a +0 helmet (worn)
 v - a +2 kite shield
 N - a +0 buckler (worn)
Magical Staves
 w - a staff of death
 O - a staff of cold
Jewellery
 i - a ring of wizardry (left hand)
 n - a ring of willpower (right hand)
 G - a ring of flight
 M - a ring of protection from fire
Wands
 I - a wand of digging (5)
Scrolls
 a - a scroll of identify
 e - 5 scrolls of immolation
 g - 3 scrolls of fear
 j - a scroll of acquirement {unknown}
 l - 4 scrolls of teleportation
 p - a scroll of magic mapping {unknown}
 x - a scroll of enchant armour {unknown}
 A - a scroll of vulnerability {unknown}
 B - a scroll of brand weapon {unknown}
 C - a scroll of fog {unknown}
 E - 2 scrolls of enchant weapon
 F - a scroll of summoning {unknown}
 H - a scroll of blinking {unknown}
 L - a scroll of noise {unknown}
Potions
 b - 2 potions of magic
 c - 2 potions of lignification
 d - 4 potions of heal wounds
 f - a potion of flight
 h - a potion of cancellation
 m - 2 potions of degeneration {unknown}
 r - a potion of mutation {unknown}
 s - a potion of ambrosia
 z - 2 potions of curing
 D - a potion of brilliance {unknown}
 K - a potion of invisibility {unknown}


   Skills:
 - Level 1.5 Dodging
 - Level 2.1 Stealth
 - Level 4.0 Shields
 + Level 8.9 Spellcasting
 + Level 10.0 Conjurations
 * Level 0.0 Summonings
 - Level 0.7 Transmutations
 - Level 10.4 Earth Magic


You had 22 spell levels left.
You knew the following spells:

 Your Spells              Type           Power      Damage    Failure   Level
a - Sandblast             Erth           100%       2d20      1%          1
b - Stone Arrow           Conj/Erth      98%        3d13      1%          3

Your spell library contained the following spells:

 Spells                   Type           Power      Damage    Failure   Level
 Static Discharge         Conj/Air       28%        N/A       1%          2
 Magic Dart               Conj           100%       1d8       1%          1
 Passwall                 Tmut/Erth      25%        N/A       1%          2
 Iskenderun's Battlesphe  Conj           48%        2d10      1%          5
 Mephitic Cloud           Conj/Pois/Air  22%        N/A       3%          3
 Petrify                  Tmut/Erth      31%        N/A       4%          4
 Call Imp                 Summ           8%         N/A       6%          2
 Iron Shot                Conj/Erth      24%        9d5       10%         6
 Gell's Gravitas          Tloc           4%         N/A       12%         3
 Ozocubu's Armour         Ice            8%         N/A       12%         3
 Summon Guardian Golem    Hex/Summ       8%         N/A       12%         3
 Teleport Other           Tloc           8%         N/A       12%         3
 Lightning Bolt           Conj/Air       14%        1d27      16%         5
 Airstrike                Air            4%         N/A       38%         4
 Olgreb's Toxic Radiance  Pois           8%         N/A       38%         4
 Summon Lightning Spire   Summ/Air       8%         N/A       38%         4
 Orb of Destruction       Conj           24%        9d10      47%         7
 Spellforged Servitor     Conj/Summ      14%        N/A       98%         7
 Dispersal                Tloc           4%         N/A       99%         6
 Ozocubu's Refrigeration  Ice            4%         4d5       100%        7
 Ignition                 Fire           4%         3d4       100%        8


Dungeon Overview and Level Annotations

Branches:
Dungeon (10/15)            Temple (1/1) D:5            Lair (0/6) D:8
    Orc (0/2) D:9

Altars:
Ashenzari
Cheibriados
Dithmenos
Elyvilon
Fedhas
Gozag
Hepliaklqana
Kikubaaqudgha
Makhleb
Nemelex Xobeh
Okawaru
Qazlal
Ru
Sif Muna
Trog
Uskayaw
Vehumet
Wu Jian
Xom
Yredelemnul
Zin
The Shining One

Shops:
D:3 (?!:*

Annotations:
D:6 2 transporters, othur's ghost, novice TrMo


Innate Abilities, Weirdness & Mutations

You are immune to sickness and miasma.
Your stone body is resilient. (AC +7)
You are immune to poison.
You resist negative energy. (rN+)
You are resistant to electric shocks. (rElec)
You are resistant to unholy torment.
You are immune to petrification.


Message History

You now have 529 gold pieces (gained 103).
Things that are here:
a +0 war axe; a +0 plate armour
Found a staircase to the Orcish Mines.
There is an open door here.
You open the door.
There is an open door here.
You open the door.
There is an open door here.
You pick up a book of Power and begin reading...
You add the spells Iskenderun's Battlesphere and Iron Shot to your library.
You open the door.
There is an open door here.
There is a stone staircase leading down here.
There is an open door here.
There is an open door here.
You open the door.
There is an open door here.
A centaur warrior comes into view.
What are your orders? t - Shout!
Orders for allies: a - Attack new target. r - Retreat! s - Stop attacking. g - Guard the area. f - Follow me.
Anything else - Cancel.
You shout for attention!
The centaur warrior shouts!
The centaur warrior wields a +0 longbow.
The centaur warrior shoots an arrow.
The arrow misses you.
Okay, then.
Press: ? - help, v - describe, . - travel
Here: a centaur warrior, wielding a +0 longbow and quivering arrows The floor.
The blast of sand hits the centaur warrior!
The centaur warrior is moderately wounded.
The centaur warrior shoots an arrow.
The arrow hits you!
The blast of sand hits the centaur warrior!!
The centaur warrior is severely wounded.
The centaur warrior shoots an arrow.
The arrow hits you!!
The centaur warrior shoots an arrow.
The arrow hits you!
You die...

.........#
.........#
.........#
.c.......#
.........#
.......c.#
.........# ###.#
#.@.# #####'###
#......# #####
####......#
....####..'......#
....#....##......#
.)..'.#####......#
....### #......#
....# #......#


You could see a centaur warrior.

Vanquished Creatures
  Psyche (D:8)
  Prince Ribbit (D:5)
  2 basilisks (D:8)
  2 wyverns (D:8)
  A shadow (D:9)
  2 steam dragons
  Grum (D:7)
  Edmund (D:5)
  An acid dragon (D:8)
  2 water moccasins
  2 swamp worms (D:7)
  4 orc warriors
  A hornet zombie (D:4)
  A sky beast (D:9)
  2 black bears
  2 necrophages
  2 wolves (D:7)
  3 ogres
  4 centaurs
  A kobold brigand (D:8)
  2 bullfrogs
  A gnoll sergeant (D:4)
  2 scorpions
  6 killer bees
  12 wights
  6 howler monkeys
  2 bullfrog skeletons
  A hound (D:6)
  A jelly (D:7)
  A gnoll shaman (D:7)
  5 orc priests
  A centaur skeleton (D:4)
  An iguana (D:5)
  2 orc wizards
  2 hound skeletons
  12 gnolls
  A howler monkey skeleton (D:6)
  An adder (D:2)
  2 white imps (D:6)
  2 worms
  3 dart slugs
  48 orcs
  3 ball pythons
  3 endoplasms
  A giant cockroach (D:2)
  5 goblins
  4 hobgoblins
  3 jackals (D:5)
  4 quokkas
  7 bats
  4 frilled lizards
  12 kobolds
  5 rats
201 creatures vanquished.

Vanquished Creatures (others)
  An orc (D:8)
  6 plants
7 creatures vanquished.

Grand Total: 208 creatures vanquished

Notes
Turn   | Place    | Note
-------+----------+-------------------------------------------
     0 | D:1      | Crownlay the Gargoyle Earth Elementalist began the quest
                  | for the Orb.
     0 | D:1      | Reached XP level 1. HP: 10/10 MP: 3/3
   239 | D:1      | Reached XP level 2. HP: 15/15 MP: 5/5
  1070 | D:2      | Reached XP level 3. HP: 19/19 MP: 6/6
  1074 | D:2      | Learned a level 3 spell: Stone Arrow
  1245 | D:2      | Reached skill level 5 in Earth Magic
  1495 | D:3      | Found Keku Jel's Book Shop.
  1627 | D:3      | Found Bopowuamm's Magic Scroll Emporium.
  1694 | D:3      | Found a faded altar of an unknown god.
  1909 | D:3      | Reached XP level 4. HP: 22/24 MP: 3/8
  1919 | D:3      | Reached skill level 1 in Conjurations
  2263 | D:3      | Found Lulaes's Weapon Boutique.
  2287 | D:3      | Found Tenaj's Distillery.
  2609 | D:3      | Reached XP level 5. HP: 6/28 MP: 0/9
  2877 | D:3      | Found Yrre Vol's Assorted Antiques.
  2882 | D:3      | Bought 3 scrolls labelled RUSIMP RINEN for 60 gold pieces
  3371 | D:4      | Noticed a water moccasin
  3373 | D:4      | Reached XP level 6. HP: 32/32 MP: 4/10
  3379 | D:3      | Killed a water moccasin
  3654 | D:4      | Reached XP level 7. HP: 27/36 MP: 2/12
  3801 | D:4      | Found an iron altar of Okawaru.
  4037 | D:4      | Found an ornate altar of the Wu Jian Council.
  4037 | D:4      | Found a sparkling altar of Nemelex Xobeh.
  4511 | D:5      | Entered Level 5 of the Dungeon
  4568 | D:5      | Noticed Prince Ribbit
  4581 | D:5      | Killed Prince Ribbit
  4582 | D:5      | Reached XP level 8. HP: 41/41 MP: 8/14
  4628 | D:5      | Found a staircase to the Ecumenical Temple.
  4650 | Temple   | Entered the Ecumenical Temple
  4788 | Temple   | Became a worshipper of Vehumet
  4840 | D:5      | Noticed Edmund
  4857 | D:5      | Killed Edmund
  5014 | D:5      | Reached skill level 5 in Spellcasting
  5440 | D:5      | Reached skill level 5 in Conjurations
  6241 | D:6      | Reached skill level 10 in Earth Magic
  6512 | D:6      | Reached XP level 9. HP: 45/45 MP: 10/17
  6828 | D:6      | Found a transporter.
  6894 | D:6      | Found a transporter.
  6935 | D:6      | Noticed othur's ghost (novice TrMo)
  7077 | D:7      | Found a white marble altar of Elyvilon.
  7155 | D:7      | Reached * piety under Vehumet
  7155 | D:7      | Offered knowledge of Foxfire by Vehumet.
  7292 | D:7      | Found a basalt altar of Yredelemnul.
  8169 | D:8      | Noticed Grum
  8174 | D:7      | Killed Grum
  8175 | D:7      | Reached skill level 1 in Shields
  9042 | D:7      | Reached XP level 10. HP: 17/50 MP: 7/20
  9299 | D:8      | You fall into a shaft and drop 2 floors!
  9299 | D:10     | Entered Level 10 of the Dungeon
  9553 | D:9      | Offered knowledge of Freeze by Vehumet.
  9620 | D:9      | Reached ** piety under Vehumet
  9786 | D:9      | Identified the +11 plate armour "Jigalomp" {-Cast Drain
                  | rElec Str+3}
 10154 | D:8      | Noticed Psyche
 10715 | D:8      | Killed Psyche
 10804 | D:8      | Found a staircase to the Lair.
 11288 | D:8      | Found a glowing silver altar of Zin.
 11450 | D:9      | Offered knowledge of Static Discharge by Vehumet.
 11575 | D:9      | Reached skill level 10 in Conjurations
 11617 | D:9      | Found a staircase to the Orcish Mines.
 11707 | D:9      | Noticed a centaur warrior
 11715 | D:9      | Shot with an arrow by a centaur warrior

Illustrated notes

Levels and vault maps discovered:
D:1:      minmay_arrival_semitransparent, layout_rooms, minmay_heptomino_h4
D:2:      layout_rooms
D:3:      wander_river, layout_loops_cross,
          shapermc_ecumenical_altar_notcrosses, serial_shops, shop,
          nicolae_square_shop, shop, shop_statue, nicolae_shop_trees,
          hangedman_decor_growths
D:4:      layout_cave_pools, okawaru_ov_weapons_minmay,
          gammafunk_temple_overflow_elements, lightli_minifort
D:5:      layout_cave_pools, minmay_temple_entry_drinking_statues,
          grunt_ministairs_7, serial_bayou_pond_c, uniq_prince_ribbit1,
          uniq_edmund
D:6:      layout_basic, gammafunk_ghost_hive
D:7:      layout_loops_ring, kennysheep_ying_yang, worms_lemuel
D:8:      layout_cave_pools, lemuel_doored_altar, david_lair_generic,
          serial_park, serial_park_tiny_2, serial_park_square1
          [serial_park_minivault_5x5_7], due_unseen_surprise, uniq_grum,
          uniq_psyche
D:9:      layout_roguey, hiddenorc1_lemuel, minivault_19
D:10:     layout_basic, gammafunk_ghost_necromancy
Temple:   eino_temple_rhombus

Skill      XL: |  1  2  3  4  5  6  7  8  9 10 |
---------------+-------------------------------+-----
Earth Magic    | 4 5 6 7 8 10 | 10.4
Conjurations   | 1 2 3 4 5 7 10 | 10.0
Spellcasting   | 3 4 5 7 8 |  8.9
Shields        | 3 4 |  4.0
Dodging        | |  1.5
Stealth        | |  2.1
Transmutations | |  0.7

Action                   |  1- 3 |  4- 6 |  7- 9 | 10-12 || total
-------------------------+-------+-------+-------+-------++-------
Melee: Unarmed           |    19 |       |       |       ||    19
       Dagger            |    87 |    16 |       |       ||   103
       Mace              |       |     7 |     8 |       ||    15
       Flail             |       |       |     2 |     5 ||     7
 Cast: Sandblast         |    26 |    38 |    61 |    23 ||   148
       Stone Arrow       |     2 |     9 |    83 |    79 ||   173
  Use: Scroll            |       |     5 |     2 |     3 ||    10
 Stab: Sleeping          |     5 |       |     1 |       ||     6
Armor: Robe              |    51 |     8 |       |       ||    59
       Leather armour    |       |     5 |    52 |    15 ||    72
Dodge: Dodged            |    87 |    25 |    42 |    13 ||   167
Block: Buckler           |       |       |       |     6 ||     6
